 Dungeon Crawl Stone Soup version 0.22.1-1-ga44c0e5 (webtiles) character file.

5569 Lauz the Carver (level 10, -8/90 HPs)
             Began as a Minotaur Berserker on Nov 2, 2018.
             Was a High Priest of Trog.
             Mangled by a hellwing (13 damage)
             ... on level 10 of the Dungeon.
             The game lasted 00:17:32 (8772 turns).

Lauz the Carver (Minotaur Berserker)                Turns: 8772, Time: 00:17:34

Health: -8/90      AC:  7    Str: 27    XL:     10   Next: 44%
Magic:  9/9        EV: 17    Int: 11    God:    Trog [*****.]
Gold:   730        SH:  7    Dex: 10    Spells: 9/9 levels left

rFire    . . .     SeeInvis .   A - +7 scimitar "Meafaaqo" {flame, Str+2}
rCold    . . .     Gourm    .   f - +0 buckler
rNeg     . . .     Faith    .   b - +0 animal skin
rPois    .         Spirit   .   m - +2 hat
rElec    .         Reflect  +   E - +2 cloak {+Inv}
rCorr    +         Harm     .   (no gloves)
MR       ++...                  (no boots)
Stlth    ++........             g - +3 amulet of reflection
HPRegen  1.25/turn              j - ring of the Endless Expanse {rCorr *Slow Int+7}
MPRegen  0.11/turn              x - +3 ring of evasion

@: about to teleport, berserk cooldown, starving, regenerating, slowed, very
slow
A: retaliatory headbutt, horns 2
a: Berserk, Trog's Hand, Brothers in Arms, Renounce Religion, Evoke Invisibility


You were on level 10 of the Dungeon.
You worshipped Trog.
Trog was extremely pleased with you.
You were starving.

You visited 1 branch of the dungeon, and saw 10 of its levels.
You also visited: Ossuary.

You collected 730 gold pieces.

Inventory:

Hand Weapons
 a - a +1 falchion
 A - the +7 scimitar "Meafaaqo" (weapon) {flame, Str+2}
   (You found it on level 7 of the Dungeon)

   It has been specially enchanted to burn those struck by it, causing extra
   injury to most foes and up to half again as much damage against particularly
   susceptible opponents.
   Big, fiery blades are also staple armaments of hydra-hunters.
   It affects your strength (+2).
Armour
 b - a +0 animal skin (worn)
 f - a +0 buckler (worn)
 m - a +2 hat (worn)
 E - a +2 cloak of invisibility (worn)
Jewellery
 g - a +3 amulet of reflection (around neck)
 j - the ring of the Endless Expanse (left hand) {rCorr *Slow Int+7}
   (You found it on level 5 of the Dungeon)

   [ring of resist corrosion]

   It affects your intelligence (+7).
   It may slow you when you take damage.
 s - an uncursed ring of ice
 x - a +3 ring of evasion (right hand)
Wands
 n - a wand of disintegration (23)
 p - a wand of enslavement (6)
 B - a wand of paralysis (9)
 G - a wand of iceblast (9)
Scrolls
 d - 10 scrolls of identify
 l - 2 scrolls of teleportation
 r - 2 scrolls of enchant weapon
 t - 2 scrolls of blinking {unknown}
 y - a scroll of enchant armour
 F - a scroll of remove curse
 H - a scroll of fear {unknown}
 I - a scroll of fog {unknown}
Potions
 e - 5 potions of curing {unknown}
 h - 4 potions of might {unknown}
 i - 2 potions of flight {unknown}
 k - 2 potions of invisibility {unknown}
 o - 2 potions of degeneration {unknown}
 q - a potion of magic {unknown}
 u - a potion of berserk rage {unknown}
 v - a potion of experience {unknown}
 w - 2 potions of mutation {unknown}
 z - 2 potions of heal wounds {unknown}
 C - a potion of lignification {unknown}
 D - a potion of ambrosia {unknown}
Comestibles
 c - 11 rations


   Skills:
 + Level 8.7 Fighting
 * Level 14.4 Long Blades
 * Level 3.4 Armour
 + Level 5.8 Dodging
 - Level 2.0 Stealth
 - Level 4.3 Shields


You had 9 spell levels left.
You didn't know any spells.
Your spell library was empty.

Dungeon Overview and Level Annotations

Branches:
Dungeon (10/15)            Temple (0/1) D:7            Lair (0/6) D:9
    Orc: D:9-12

Altars:
Ashenzari
Kikubaaqudgha
Makhleb
Ru
Wu Jian
Yredelemnul
Zin

Shops:
D:10 :


Innate Abilities, Weirdness & Mutations

You reflexively headbutt those who attack you in melee.
You have a pair of horns on your head.


Message History

The hellwing misses you.
You riposte.
You hit the hellwing. You burn the hellwing.
The hellwing is lightly wounded.
The hellwing hits you but does no damage.
You block the centaur warrior zombie's attack.
The centaur warrior zombie hits you!
* * * LOW HITPOINT WARNING * * *
As you read the scroll of teleportation, it crumbles to dust.
You feel strangely unstable. The centaur warrior zombie hits you.
* * * LOW HITPOINT WARNING * * *
The hellwing hits you but does no damage.
You block the hellwing's attack. The hellwing closely misses you.
You furiously retaliate!
You headbutt the hellwing, but do no damage.
The hellwing hits you.
* * * LOW HITPOINT WARNING * * *
The centaur warrior zombie barely misses you.
The shadow imp sputters.
The hellwing hits you!
You die...

#####.#.# #.......#
####### #........
#.....# #........
#####.....# #.......#
#.........# #.......#
#.........# #))....#
#....Z5...###([....##
#<.4@Z5...'...).5....
#....45.....#≈≈≈#.##.
#.†..######.≈≈≈≈≈.#
#....# #...∩≈≈.#
###### ##≈≈≈≈≈##
##≈≈≈## ##T## .# .#


You could see 2 hellwings, a crimson imp, 2 shadow imps and 2 centaur warrior
zombies.

Vanquished Creatures
  2 ugly things
  Maurice (D:8)
  A meliai zombie (D:10)
  A hippogriff (D:8)
  Prince Ribbit (D:7)
  A wyvern (D:9)
  A hungry ghost (D:8)
  3 ice beasts
  3 sky beasts
  A black bear (D:7)
  2 orc warriors
  2 phantoms
  A necrophage (D:9)
  A centaur (D:7)
  An ogre (D:5)
  A gnoll sergeant (D:4)
  4 bullfrogs
  2 scorpions
  4 wights (D:9)
  2 howler monkeys
  2 crimson imps
  A bullfrog zombie (D:9)
  A human zombie (Ossuary)
  5 hounds
  3 centaur skeletons
  8 orc priests
  A bullfrog skeleton (D:6)
  3 iguanas
  6 orc wizards
  6 worker ants
  4 big kobold zombies (Ossuary)
  A hound zombie (D:5)
  2 mummies (Ossuary)
  A worker ant zombie (D:8)
  3 gnolls
  9 adders
  3 shadow imps
  2 adder zombies
  2 adder skeletons
  2 worms
  3 dart slugs
  3 leopard geckos
  43 orcs
  6 giant cockroaches
  6 hobgoblins
  24 jackals
  A quokka (D:7)
  A ball python skeleton (D:5)
  4 bats
  3 frilled lizards
  2 gnoll zombies (Ossuary)
  9 goblins
  4 goblin zombies (Ossuary)
  3 hobgoblin zombies (Ossuary)
  2 jackal skeletons
  11 kobolds
  10 rats
235 creatures vanquished.

Notes
Turn   | Place    | Note
-------+----------+-------------------------------------------
     0 | D:1      | Lauz the Minotaur Berserker began the quest for the Orb.
     0 | D:1      | Reached XP level 1. HP: 19/19 MP: 0/0
    69 | D:1      | Reached XP level 2. HP: 27/27 MP: 1/1
    74 | D:1      | Reached skill level 4 in Long Blades
   472 | D:2      | Reached XP level 3. HP: 30/33 MP: 2/2
   571 | D:2      | Reached ** piety under Trog
  1123 | D:3      | Reached XP level 4. HP: 41/41 MP: 3/3
  1126 | D:3      | Reached skill level 5 in Long Blades
  1503 | D:3      | Found a sacrificial altar of Ru.
  1503 | D:3      | Found a glowing silver altar of Zin.
  1698 | D:3      | Reached *** piety under Trog
  1956 | D:3      | Found a burning altar of Makhleb.
  1956 | D:3      | Noticed a green death
  2124 | D:4      | Reached XP level 5. HP: 27/47 MP: 4/4
  2260 | D:4      | Reached skill level 6 in Long Blades
  2716 | D:4      | Reached XP level 6. HP: 49/55 MP: 5/5
  2726 | D:4      | Reached skill level 5 in Fighting
  2726 | D:4      | Reached skill level 7 in Long Blades
  2970 | D:4      | Found a shattered altar of Ashenzari.
  3268 | D:4      | Reached XP level 7. HP: 49/61 MP: 6/6
  3269 | D:4      | Reached skill level 8 in Long Blades
  3542 | D:4      | Found an ornate altar of the Wu Jian Council.
  3816 | D:5      | Entered Level 5 of the Dungeon
  3917 | D:5      | Reached skill level 1 in Shields
  3954 | D:5      | Reached skill level 1 in Stealth
  3977 | D:5      | Got a steaming silver ring
  3978 | D:5      | Identified the ring of the Endless Expanse {rCorr *Slow
                  | Int+7} (You found it on level 5 of the Dungeon)
  3999 | D:5      | Found a sand-covered staircase.
  4075 | D:5      | Reached **** piety under Trog
  4148 | Ossuary  | Entered an ossuary
  4225 | Ossuary  | Reached skill level 9 in Long Blades
  4692 | D:5      | Found an ancient bone altar of Kikubaaqudgha.
  5241 | D:6      | Reached XP level 8. HP: 70/70 MP: 7/7
  5374 | D:6      | Reached skill level 10 in Long Blades
  6195 | D:6      | Reached skill level 11 in Long Blades
  6605 | D:7      | Noticed Prince Ribbit
  6619 | D:7      | Killed Prince Ribbit
  6621 | D:7      | Reached XP level 9. HP: 74/79 MP: 8/8
  6824 | D:7      | Found a staircase to the Ecumenical Temple.
  6936 | D:7      | Found a basalt altar of Yredelemnul.
  6972 | D:7      | Reached skill level 12 in Long Blades
  7496 | D:7      | Got a brightly glowing scimitar
  7497 | D:7      | Identified the +7 scimitar "Meafaaqo" {flame, Str+2} (You
                  | found it on level 7 of the Dungeon)
  7648 | D:8      | Noticed a purple ugly thing
  7658 | D:8      | Killed a purple ugly thing
  7658 | D:8      | Reached skill level 13 in Long Blades
  7658 | D:8      | Reached skill level 5 in Dodging
  7722 | D:8      | Noticed Maurice
  7743 | D:8      | Killed Maurice
  7777 | D:8      | Reached ***** piety under Trog
  8327 | D:9      | Reached XP level 10. HP: 87/88 MP: 9/9
  8424 | D:9      | Noticed a brown ugly thing
  8432 | D:9      | Killed a brown ugly thing
  8505 | D:9      | Found a staircase to the Lair.
  8534 | D:9      | Reached skill level 14 in Long Blades
  8712 | D:10     | Entered Level 10 of the Dungeon
  8720 | D:10     | Found Jiuf Dac's Book Emporium.
  8741 | D:10     | Received a gift from Trog
  8772 | D:10     | Mangled by a hellwing

Skill      XL: |  1  2  3  4  5  6  7  8  9 10 |
---------------+-------------------------------+-----
Long Blades    | 4 5 6 7 9 11 13 14 | 14.4
Fighting       | 4 5 6 7 8 |  8.7
Dodging        | 3 4 5 |  5.8
Shields        | 1 3 4 |  4.3
Stealth        | 1 2 |  2.0
Armour         | 3 |  3.4

Action                   |  1- 3 |  4- 6 |  7- 9 | 10-12 || total
-------------------------+-------+-------+-------+-------++-------
Melee: Falchion          |    69 |   131 |   266 |       ||   466
       Headbutt          |    14 |    26 |    68 |    10 ||   118
       Scimitar          |       |       |    30 |    65 ||    95
Invok: Berserk           |     2 |     2 |     5 |     2 ||    11
       Trog's Hand       |       |       |       |     1 ||     1
  Use: Scroll            |       |       |     7 |     1 ||     8
 Stab: Sleeping          |       |       |     2 |     1 ||     3
  Eat: Chunk             |     1 |    10 |    14 |     2 ||    27
       Ration            |       |       |     2 |       ||     2
Armor: Animal skin       |    10 |    24 |    48 |    13 ||    95
Dodge: Dodged            |    41 |    78 |   121 |    47 ||   287
Block: Buckler           |     4 |    11 |    29 |    27 ||    71
       Rpst.: Falchion   |    15 |    23 |    29 |       ||    67
       Scimitar          |       |       |     1 |     9 ||    10
